cohdb
Replays
Latest Replays
All Replays
Popular Replays
Top Player Replays
Match Explorer
How It Works
Community
CoH3 Stats
Reddit
Sign in to upload your games and track your stats! →
Sign in with Steam
Match 37869621
Unlisted
Match 37869621
Overview
Messages
Build Orders
End
Kradschützen Motorcycle Team
Selects Italian Infantry
Panzergrenadier Squad
Panzergrenadier Squad
Construct Light Support Kompanie
MG34 Team
Fire Support Elements
le.IG 18 Support Gun Team
Veteran Squad Leaders
Flakvierling Half-track
2.5-tonne Medical Truck
Selects Defensive Operations
Pak 38 Mechanized Group
Construct Panzerarmee Kommand
Selects Prepared Positions
Walking Stuka Rocket Launcher
Flak 36 Anti-tank Gun Team
Selects Guastatori Squad
Guastatori Squad
Selects Registered Artillery
ZuDenWaffen
7
Voodoo408
기모띠
Pipelayer
西北锤王
Zannen
Kittisaktiyanan
0
0
Comments
sign in to comment!
No comments posted yet!